 Dungeon Crawl Stone Soup version 0.28.0-1-gb440e238dd (webtiles) character file.

Game seed: 9575857835122372526

371 themarg the Protected (level 6, -2/51 HPs)
             Began as a Gnoll Wanderer on Feb 19, 2022.
             Slain by Pikel (7 damage)
             ... on level 3 of the Dungeon.
             The game lasted 00:12:00 (3349 turns).

themarg the Protected (Gnoll Wanderer)              Turns: 3349, Time: 00:12:01

Health: -2/51      AC: 13    Str: 15    XL:     6   Next: 71%
Magic:  14/14      EV: 10    Int: 11    God:
Gold:   92         SH:  0    Dex: 10    Spells: 15/15 levels left

rFire   . . .      SeeInvis .   c - +2 flail (holy)
rCold   . . .      Faith    .   (no shield)
rNeg    . . .      Spirit   .   b - +2 scale mail
rPois   .          Reflect  .   l - +2 helmet
rElec   .          Harm     .   (no cloak)
rCorr   .          Rampage  .   (no gloves)
Will    .....                   (no boots)
Stlth   ..........              (no amulet)
HPRegen 0.17/turn               (no ring)
MPRegen 0.14/turn               (no ring)

@: no status effects
A: fangs 1, strong nose, distributed training
a: no special abilities


You were on level 3 of the Dungeon.
You visited 1 branch of the dungeon, and saw 4 of its levels.

You collected 180 gold pieces.
You spent 88 gold pieces at shops.

Inventory:

Hand Weapons
 c - a +2 flail of holy wrath (weapon)
 m - a +1 vorpal hand axe
 p - a +2 dagger of holy wrath
Missiles
 d - 3 poisoned darts (quivered)
 h - 76 stones
Armour
 b - a +2 scale mail (worn)
 f - a +0 kite shield
 l - a +2 helmet (worn)
 q - a +3 leather armour of fire resistance
Jewellery
 o - an amulet of magic regeneration
Scrolls
 a - a scroll of teleportation {unknown}
 g - a scroll of magic mapping
 i - a scroll of identify {unknown}
 j - a scroll of fear {unknown}
Potions
 e - a potion of curing
 n - 2 potions of berserk rage {unknown}


   Skills:
 + Level 5.0 Fighting
 + Level 2.1 Short Blades
 + Level 2.1 Long Blades
 + Level 5.0 Axes
 + Level 2.1 Maces & Flails
 + Level 2.1 Polearms
 + Level 2.1 Staves
 + Level 2.1 Slings
 + Level 2.1 Bows
 + Level 2.1 Crossbows
 + Level 2.1 Throwing
 + Level 8.8 Armour
 + Level 2.1 Dodging
 + Level 2.1 Stealth
 + Level 2.1 Shields
 + Level 2.1 Unarmed Combat
 + Level 5.4 Spellcasting
 + Level 1.6 Conjurations
 + Level 1.6 Hexes
 + Level 1.6 Summonings
 + Level 1.6 Necromancy
 + Level 1.6 Translocations
 + Level 1.6 Transmutations
 + Level 1.6 Fire Magic
 + Level 1.6 Ice Magic
 + Level 1.6 Air Magic
 + Level 1.6 Earth Magic
 + Level 1.6 Poison Magic
 + Level 2.3 Invocations
 + Level 2.1 Evocations


You had 15 spell levels left.
You didn't know any spells.
Your spell library contained the following spells:

 Spells                   Type           Power      Damage    Failure   Level
 Corpse Rot               Necr/Air       12%        N/A       43%         2
 Ensorcelled Hibernation  Hex/Ice        12%        N/A       43%         2
 Passwall                 Tmut/Erth      5%         N/A       43%         2
 Poisonous Vapours        Pois/Air       12%        N/A       43%         2
 Gell's Gravitas          Tloc           6%         N/A       67%         3
 Lesser Beckoning         Tloc           6%         N/A       67%         3
 Swiftness                Air            6%         N/A       67%         3
 Teleport Other           Tloc           6%         N/A       67%         3


Dungeon Overview and Level Annotations

Branches:
Dungeon (4/15)
 Temple: D:4-7

Altars:
Ashenzari

Shops:
D:2 !

Annotations:
D:3 Pikel


Innate Abilities, Weirdness & Mutations

You have very sharp teeth.
Your uncanny sense of smell can sniff out nearby items.
Your experience applies equally to all skills.


Message History

Pikel is severely wounded.
Pikel hits you but does no damage. The lemure closely misses you.
Pikel barely misses you.
You closely miss Pikel.
Pikel is severely wounded.
The lemure hits you but does no damage. Pikel barely misses you.
The lemure hits you but does no damage.
You sock Pikel!
Pikel is almost dead.
Pikel hits you with a +1 whip of freezing.
* * * LOW HITPOINT WARNING * * *
Pikel freezes you.
* * * LOW HITPOINT WARNING * * *
The lemure closely misses you.
You barely miss Pikel.
Pikel is almost dead.
Pikel hits you with a +1 whip of freezing!
* * * LOW HITPOINT WARNING * * *
Pikel freezes you.
* * * LOW HITPOINT WARNING * * *
The lemure barely misses you.
You feel better.
Pikel says, "I'm sure the Orcish Mines are around here somewhere..."
Pikel hits you but does no damage. The lemure hits you but does no damage.
You barely miss Pikel. Your bite misses Pikel.
Pikel is almost dead.
Pikel hits you with a +1 whip of freezing.
* * * LOW HITPOINT WARNING * * *
Pikel freezes you.
* * * LOW HITPOINT WARNING * * *
The lemure hits you but does no damage. Pikel completely misses you.
The lemure barely misses you.
You barely miss Pikel.
Pikel is almost dead.
Pikel says, "I touched Geryon's horn once."
Pikel barely misses you. The lemure completely misses you.
You closely miss Pikel. You bite Pikel, but do no damage.
Pikel is almost dead.
Pikel hits you with a +1 whip of freezing!
You die...

# #..######## # #..#
## #..# .# #..# .#
#..# .# #..#
.######..#
.##...#..#########
.''............K@#####
.##...##.........5...#
.##...##############.#
.###################.#
.....................#
######################


You could see Pikel and a lemure.

Vanquished Creatures
  Edmund (D:3)
  A phantom (D:3)
  A hound (D:4)
  An orc wizard (D:3)
  4 adders
  4 gnolls (D:3)
  8 orcs (D:3)
  An endoplasm (D:2)
  A giant cockroach (D:3)
  9 goblins
  4 hobgoblins
  4 kobolds (D:1)
  A quokka (D:2)
  6 ball pythons
  9 bats
  4 rats
59 creatures vanquished.

Notes
Turn   | Place    | Note
-------+----------+-------------------------------------------
     0 | D:1      | themarg the Gnoll Wanderer began the quest for the Orb.
     0 | D:1      | themarg set off with the following items: a +1 hand axe, a
                  | +2 scale mail
     0 | D:1      | Reached XP level 1. HP: 20/20 MP: 6/6
    82 | D:1      | Reached XP level 2. HP: 26/26 MP: 7/7
   235 | D:1      | Found a faded altar of an unknown god.
   721 | D:2      | Reached XP level 3. HP: 31/31 MP: 9/9
   743 | D:2      | Found Ezxok's Distillery.
   749 | D:2      | Bought a potion of curing for 33 gold pieces
   802 | D:2      | Found a broken altar of Ashenzari.
   843 | D:2      | Reached skill level 5 in Spellcasting
  1108 | D:2      | Reached skill level 1 in Invocations
  1274 | D:2      | Reached skill level 1 in Short Blades
  1274 | D:2      | Reached skill level 1 in Long Blades
  1274 | D:2      | Reached skill level 1 in Maces & Flails
  1274 | D:2      | Reached skill level 1 in Polearms
  1274 | D:2      | Reached skill level 1 in Staves
  1274 | D:2      | Reached skill level 1 in Slings
  1274 | D:2      | Reached skill level 1 in Bows
  1274 | D:2      | Reached skill level 1 in Crossbows
  1274 | D:2      | Reached skill level 1 in Throwing
  1274 | D:2      | Reached skill level 1 in Dodging
  1274 | D:2      | Reached skill level 1 in Stealth
  1274 | D:2      | Reached skill level 1 in Shields
  1274 | D:2      | Reached skill level 1 in Unarmed Combat
  1274 | D:2      | Reached skill level 1 in Evocations
  1274 | D:2      | Reached XP level 4. HP: 31/38 MP: 11/11
  1558 | D:2      | Bought a potion of heal wounds for 55 gold pieces
  1823 | D:3      | Noticed a phantom
  2061 | D:3      | Killed a phantom
  2062 | D:3      | Reached skill level 1 in Conjurations
  2062 | D:3      | Reached skill level 1 in Hexes
  2062 | D:3      | Reached skill level 1 in Summonings
  2062 | D:3      | Reached skill level 1 in Necromancy
  2062 | D:3      | Reached skill level 1 in Translocations
  2062 | D:3      | Reached skill level 1 in Transmutations
  2062 | D:3      | Reached skill level 1 in Fire Magic
  2062 | D:3      | Reached skill level 1 in Ice Magic
  2062 | D:3      | Reached skill level 1 in Air Magic
  2062 | D:3      | Reached skill level 1 in Earth Magic
  2062 | D:3      | Reached skill level 1 in Poison Magic
  2062 | D:3      | Reached XP level 5. HP: 32/43 MP: 12/12
  2814 | D:3      | Reached XP level 6. HP: 36/50 MP: 13/13
  3144 | D:4      | Noticed Edmund
  3146 | D:4      | Noticed Pikel
  3172 | D:3      | Killed Edmund
  3173 | D:3      | Reached skill level 5 in Fighting
  3173 | D:3      | Reached skill level 5 in Axes
  3345 | D:3      | HP: 1/51 [Pikel (3)]
  3349 | D:3      | Slain by Pikel

Illustrated notes

Levels and vault maps discovered:
D:1:      lightli_arrival_windingriver, layout_basic,
          shapermc_ecumenical_altar_starsandcircs
D:2:      layout_loops_ring, serial_rivers, chequers_serial_rivers_room_a,
          chequers_serial_rivers_small_a, chequers_serial_rivers_marsh,
          chequers_serial_rivers_micro_e, chequers_serial_rivers_marsh,
          chequers_serial_rivers_room_a, basic_altar, serial_shops, shop,
          serial_bayou_pond_e, nrook_uturn
D:3:      layout_basic
D:4:      layout_rooms, uniq_pikel, uniq_edmund

Skill      XL: |  1  2  3  4  5  6 |
---------------+-------------------+-----
Spellcasting   | 5 |  5.4
Invocations    | 1 2 |  2.3
Short Blades   | 1 2 |  2.1
Long Blades    | 1 2 |  2.1
Maces & Flails | 1 2 |  2.1
Polearms       | 1 2 |  2.1
Staves         | 1 2 |  2.1
Slings         | 1 2 |  2.1
Bows           | 1 2 |  2.1
Crossbows      | 1 2 |  2.1
Throwing       | 1 2 |  2.1
Dodging        | 1 2 |  2.1
Stealth        | 1 2 |  2.1
Shields        | 1 2 |  2.1
Unarmed Combat | 1 2 |  2.1
Evocations     | 1 2 |  2.1
Conjurations   | 1 |  1.6
Hexes          | 1 |  1.6
Summonings     | 1 |  1.6
Necromancy     | 1 |  1.6
Translocations | 1 |  1.6
Transmutations | 1 |  1.6
Fire Magic     | 1 |  1.6
Ice Magic      | 1 |  1.6
Air Magic      | 1 |  1.6
Earth Magic    | 1 |  1.6
Poison Magic   | 1 |  1.6
Fighting       | 5 |  5.0
Axes           | 5 |  5.0
Armour         | |  8.8

Action                   |  1- 3 |  4- 6 || total
-------------------------+-------+-------++-------
Melee: Hand axe          |    98 |   113 ||   211
       Bite              |     6 |    16 ||    22
       Punch             |     2 |     3 ||     5
       Flail             |       |    22 ||    22
  Use: Scroll            |       |     2 ||     2
       Potion            |       |     2 ||     2
Armor: Scale mail        |    80 |    88 ||   168
Dodge: Dodged            |    48 |    58 ||   106
